 Dungeon Crawl Stone Soup version 0.22-a0-93-g6b88ebb (webtiles) character file.

1295 4thArraOfDagon the Covert (level 8, -2/42 HPs)
             Began as a Spriggan Monk on Jan 24, 2018.
             Was a Follower of Ru.
             Slain by a yak (12 damage)
             ... on level 6 of the Dungeon.
             The game lasted 00:19:00 (2489 turns).

4thArraOfDagon the Covert (Spriggan Monk)           Turns: 2489, Time: 00:19:01

Health: -2/42      AC:  2    Str:  7    XL:     8   Next: 30%
Magic:  11/11      EV: 26    Int: 12    God:    Ru [*.....]
Gold:   287        SH:  0    Dex: 24    Spells: 7/7 levels left

rFire    . . .     SeeInvis +   f - +1 dagger (venom)
rCold    . . .     Gourm    .   (shield restricted)
rNeg     . . .     Faith    .   b - +0 robe
rPois    .         Spirit   .   (helmet restricted)
rElec    .         Reflect  .   (no cloak)
rCorr    .         Harm     .   (gloves unavailable)
MR       .....                  (boots unavailable)
Stlth    +++++.....             (no amulet)
HPRegen  0.14/turn              q - +4 ring of dexterity
MPRegen  0.12/turn              (no ring)

@: very quick
A: very small, unfitting armour, see invisible, herbivore, speed 3, slow
metabolism 2, magic vulnerability 1
a: Renounce Religion


You were on level 6 of the Dungeon.
You worshipped Ru.
Ru was aware of your devotion.
You were not hungry.

You visited 2 branches of the dungeon, and saw 7 of its levels.
You also visited: Ossuary.

You collected 287 gold pieces.

Inventory:

Hand Weapons
 a - a +0 falchion
 f - a +1 dagger of venom (weapon)
 o - a +1 dagger of draining
 u - a +1 dagger of speed
Missiles
 i - 6 curare-tipped needles
Armour
 b - a +0 robe (worn)
Jewellery
 q - a +4 ring of dexterity (left hand)
Wands
 p - a wand of flame (60)
 A - a wand of enslavement (2)
Scrolls
 d - a scroll of amnesia {unknown}
 g - 6 scrolls of teleportation {unknown}
 l - a scroll of random uselessness {unknown}
 n - 2 scrolls of immolation
 s - a scroll of remove curse {unknown}
 t - a scroll of enchant armour {unknown}
 w - a scroll of magic mapping {unknown}
 x - a scroll of fear {unknown}
 C - 2 scrolls of fog {unknown}
Potions
 e - 3 potions of haste
 h - a potion of agility
 j - 2 potions of lignification {unknown}
 k - 2 potions of magic {unknown}
 m - 2 potions of brilliance {unknown}
 r - 2 potions of flight
 v - 3 potions of curing
 z - a potion of might {unknown}
 B - a potion of ambrosia {unknown}
 D - a potion of mutation
 E - a potion of degeneration {unknown}
 F - a potion of heal wounds {unknown}
 G - a potion of berserk rage {unknown}
Comestibles
 c - 7 rations


   Skills:
 + Level 3.9 Fighting
 * Level 3.6(5.1) Short Blades
 - Level 4.1(4.5) Long Blades
 * Level 8.4 Dodging
 * Level 8.8 Stealth
 + Level 2.6 Evocations


You had 7 spell levels left.
You didn't know any spells.

Dungeon Overview and Level Annotations

Branches:
Dungeon (6/15)             Temple (1/1) D:4

Altars:
Ashenzari
Cheibriados
Elyvilon
Fedhas
Gozag
Hepliaklqana
Kikubaaqudgha
Makhleb
Nemelex Xobeh
Qazlal
Ru
Sif Muna
Trog
Uskayaw
Vehumet
Wu Jian
Xom
Yredelemnul
Zin
The Shining One

Annotations:
D:4 Soeti's ghost, amateur OpEn
D:5 Menkaure; mortelune's ghost, novice BaIE
D:6 Grinder; Prince Ribbit


Innate Abilities, Weirdness & Mutations

You are very small and have problems with some larger weapons.
You are too small for most types of armour.
You have supernaturally acute eyesight. (SInv)
You are a herbivore.
You cover ground extremely quickly.
You need consume almost no food.
You are slightly vulnerable to magic. (MR-)


Message History

You swap places.
Unknown command.
You hit the adder zombie but do no damage.
The adder zombie barely misses you.
Your yak closely misses the adder zombie.
You hit the adder zombie but do no damage.
The adder zombie is stunned by your will and fails to attack.
Your yak completely misses the adder zombie.
You hit the adder zombie.
The adder zombie is lightly damaged.
The adder zombie completely misses you.
You hit the adder zombie.
The adder zombie is moderately damaged.
The yak is no longer charmed.
The yak gores you!
* * * LOW HITPOINT WARNING * * *
The adder zombie misses you.
You barely miss the adder zombie.
The adder zombie is moderately damaged.
The yak gores you!
You die...

###### #### #....# #..###
####### #....# #....##
).....#######....#
###...##
......†††..##....# ##...#
......####.......# ##..##
#...#########....# #...##
##......)†.†.....###
#.#.## #..#########).Y@..#
#.#.#. #..# #..Z.#.#
####.#... #..#
#####....#.######........
#.Y#
..................###....
#..#
...........######........
#.).
#.......)...###....###....
....
..<.............######....
..... ......#.......(.##
#..... .....##.....()...
.......


You could see a yak and an adder zombie.

Vanquished Creatures
  Sigmund (D:5)
  A sky beast (D:5)
  An ogre (D:5)
  A centaur (D:6)
  A bullfrog (D:6)
  4 scorpions (Ossuary)
  A howler monkey (D:4)
  A centaur zombie (Ossuary)
  2 human zombies (Ossuary)
  A hound (D:6)
  An orc wizard (D:6)
  Jessica (D:3)
  Ijyb (D:3)
  2 worker ants (D:6)
  A hound skeleton (D:6)
  3 mummies (Ossuary)
  3 adders
  A scorpion zombie (Ossuary)
  3 worms
  A ball python (D:2)
  3 giant cockroaches (D:3)
  8 hobgoblins
  2 jackals (D:3)
  3 kobolds
  2 quokkas (D:3)
  10 bats
  4 frilled lizards
  3 gnoll zombies (Ossuary)
  2 goblins
  2 goblin zombies (Ossuary)
  A hobgoblin zombie (Ossuary)
  A jackal zombie (D:6)
  2 kobold zombies (Ossuary)
  A leopard gecko zombie (D:4)
  An orc zombie (Ossuary)
  2 rats (D:3)
78 creatures vanquished.

Vanquished Creatures (collateral kills)
  A yak (D:6)
  2 scorpions (Ossuary)
  A howler monkey (D:6)
  A worker ant (D:6)
  2 orcs (D:6)
7 creatures vanquished.

Vanquished Creatures (others)
  4 yaks (D:6)
  An orc wizard (D:6)
  A scorpion (Ossuary)
  A centaur zombie (Ossuary)
7 creatures vanquished.

Grand Total: 92 creatures vanquished

Notes
Turn   | Place    | Note
-------+----------+-------------------------------------------
     0 | D:1      | 4thArraOfDagon the Spriggan Monk began the quest for the Orb.
     0 | D:1      | Reached XP level 1. HP: 11/11 MP: 2/2
   179 | D:2      | Reached XP level 2. HP: 6/16 MP: 3/3
   194 | D:2      | Vajrapani: oh, it's true
   194 | D:2      | Vajrapani: 20 ev huh
   194 | D:2      | 4thArraOfDagon: yea
   194 | D:2      | 4thArraOfDagon: quite amazing
   459 | D:3      | Reached XP level 3. HP: 16/19 MP: 4/4
   523 | D:3      | Found a glowing golden altar of the Shining One.
   523 | D:3      | Found a deep blue altar of Sif Muna.
   608 | D:3      | Noticed Jessica
   616 | D:3      | Killed Jessica
   616 | D:3      | Reached XP level 4. HP: 23/23 MP: 5/5
   621 | D:3      | Identified Jessica's Compendium of Enhancements
   635 | D:3      | Noticed Ijyb
   642 | D:3      | Killed Ijyb
   642 | D:3      | Reached skill level 5 in Dodging
   642 | D:3      | Reached skill level 5 in Stealth
   675 | D:3      | Found a white marble altar of Elyvilon.
   751 | D:3      | Noticed a phantom
   756 | D:4      | Noticed Soeti's ghost (amateur OpEn)
   856 | D:4      | Noticed a phantom
  1033 | D:4      | Found a staircase to the Ecumenical Temple.
  1040 | Temple   | Entered the Ecumenical Temple
  1090 | Temple   | Became a worshipper of Ru the Awakened
  1096 | Temple   | Gained mutation: You are slightly vulnerable to magic. (MR-) [Ru sacrifice]
  1096 | Temple   | Reached * piety under Ru
  1155 | D:4      | Found a burning altar of Makhleb.
  1155 | D:4      | Found a glowing silver altar of Zin.
  1156 | D:4      | Noticed an angel
  1156 | D:4      | Noticed a blizzard demon
  1180 | D:4      | Reached XP level 5. HP: 21/28 MP: 6/6
  1285 | D:5      | Entered Level 5 of the Dungeon
  1288 | D:5      | Noticed Sigmund
  1303 | D:5      | Killed Sigmund
  1303 | D:5      | Reached XP level 6. HP: 17/32 MP: 7/7
  1419 | D:5      | Found a blossoming altar of Fedhas.
  1423 | D:5      | Found an ancient bone altar of Kikubaaqudgha.
  1455 | D:5      | Noticed mortelune's ghost (novice BaIE)
  1540 | D:5      | Found a hazy altar of Hepliaklqana.
  1593 | D:5      | Noticed a sky beast
  1594 | D:5      | Noticed Menkaure
  1596 | D:5      | Killed a sky beast
  1638 | D:6      | Noticed Grinder
  1661 | D:6      | Reached XP level 7. HP: 36/36 MP: 8/8
  1674 | D:6      | Reached skill level 1 in Short Blades
  1688 | D:6      | Found a sand-covered staircase.
  1693 | Ossuary  | Entered an ossuary
  1807 | Ossuary  | Reached skill level 1 in Evocations
  1826 | Ossuary  | 4thArraOfDagon: there shouldn't be autopickup on unknown wands
  1826 | Ossuary  | 4thArraOfDagon: because as soon as you walk onto wand to pick it up, it is already known
  1967 | Ossuary  | Vajrapani: !hs * Spmo
  1969 | Ossuary  | beem: 4246. Yermak the Ninja (L27 SpMo of Trog), escaped with the Orb and 15 runes on 2013-02-15 13:10:53, with 18131822 points after 84252 turns and 13:06:47.
  2011 | Ossuary  | Vajrapani: aiming for the highscore?
  2064 | D:6      | Noticed Prince Ribbit
  2086 | D:6      | HP: 1/36 [Prince Ribbit (16)]
  2349 | D:6      | Reached XP level 8. HP: 37/42 MP: 10/10
  2489 | D:6      | Slain by a yak

Vault maps used:
D:1:      roderic_crossed_star, tso_altar
D:2:      first_ration
D:3:      gammafunk_temple_overflow_elements, elyvilon_altar_5,
          marbit_many_paths, minmay_door_square, kennysheep_jessica_study,
          uniq_ijyb
D:4:      grunt_temple_overflow_order_and_chaos_2,
          minmay_temple_entry_butterflies
D:5:      grunt_temple_overflow_growth_and_decay, basic_altar, uniq_edmund,
          uniq_menkaure, uniq_sigmund
D:6:      enter_ossuary_2, uniq_prince_ribbit1, uniq_grinder
Temple:   dshaligram_water_room_temple
Ossuary:  ossuary_minmay_scorpions

Skill      XL: |  1  2  3  4  5  6  7  8 |
---------------+-------------------------+-----
Stealth        | 4 5 6 7 8 |  8.8
Long Blades    | 3 4 |  4.1
Dodging        | 5 6 7 8 |  8.4
Fighting       | 3 |  3.9
Short Blades   | 2 3 |  3.6
Evocations     | 2 |  2.6

Action                   |  1- 3 |  4- 6 |  7- 9 || total
-------------------------+-------+-------+-------++-------
Melee: Falchion          |    18 |       |       ||    18
       Dagger            |    64 |    49 |   138 ||   251
Invok: Sacrifice Essence |       |     1 |       ||     1
Evoke: Wand              |       |    14 |    35 ||    49
  Use: Scroll            |       |     4 |     2 ||     6
       Potion            |       |       |     2 ||     2
 Stab: Sleeping          |    11 |     7 |     8 ||    26
       Distracted        |     1 |       |     1 ||     2
Armor: Robe              |     7 |     2 |     4 ||    13
Dodge: Dodged            |    75 |    23 |    71 ||   169
       Rpst.: Falchion   |     8 |       |       ||     8

Table legend:
 A = Spawn XP
 B = Non-spawn XP
 C = Spawn XP percentage of total XP
 D = Spawn monster count
 E = Non-spawn monster count
 F = Spawn count percentage of total count
 G = Total turns spent on level
                    A         B        C        D         E        F      G
               +---------+---------+-------+---------+---------+-------+---------
         Total |       0 |    1851 |   0.0 |       0 |      87 |   0.0 |  2489
               +---------+---------+-------+---------+---------+-------+---------
           D:1 |       0 |       6 |   0.0 |       0 |       4 |   0.0 |   123
           D:2 |       0 |      23 |   0.0 |       0 |      13 |   0.0 |   199
           D:3 |       0 |     125 |   0.0 |       0 |      25 |   0.0 |   578
           D:4 |       0 |      50 |   0.0 |       0 |       2 |   0.0 |   313
           D:5 |       0 |     473 |   0.0 |       0 |       4 |   0.0 |   336
           D:6 |       0 |     634 |   0.0 |       0 |      17 |   0.0 |   506
       Ossuary |       0 |     540 |   0.0 |       0 |      22 |   0.0 |   362
               +---------+---------+-------+---------+---------+-------+---------
